 Dungeon Crawl Stone Soup version 0.25-a0-1133-g93ebf739aa (webtiles) character file.

Game seed: 11894844415954439905, levelgen mode: deterministic

310 tilp the Bolt Thrower (level 6, -1/38 HPs)
             Began as a Kobold Arcane Marksman on May 19, 2020.
             Slain by a wyvern zombie (9 damage)
             ... on level 6 of the Dungeon on May 20, 2020.
             The game lasted 00:07:35 (3649 turns).

tilp the Bolt Thrower (Kobold Arcane Marksman)      Turns: 3649, Time: 00:07:35

Health: -1/38      AC:  6    Str:  9    XL:     6   Next: 69%
Magic:  7/7        EV: 13    Int: 15    God:
Gold:   32         SH:  0    Dex: 15    Spells: 6/7 levels left

rFire    . . .     SeeInvis .   a - +1 hand crossbow
rCold    . . .     Gourm    .   (shield restricted)
rNeg     . . .     Faith    .   k - +1 ring mail (curse)
rPois    .         Spirit   .   (no helmet)
rElec    .         Reflect  .   (no cloak)
rCorr    .         Harm     .   (no gloves)
MR       .....                  (no boots)
Stlth    +.........             (no amulet)
HPRegen  0.12/turn              (no ring)
MPRegen  0.10/turn              (no ring)

@: no status effects
A: small, carnivore
a: no special abilities


You were on level 6 of the Dungeon.
You were completely stuffed.

You visited 1 branch of the dungeon, and saw 4 of its levels.

You collected 32 gold pieces.

Inventory:

Hand Weapons
 a - a +1 hand crossbow (weapon)
 b - a +0 flail
 j - a +0 dagger
 o - a +0 war axe
Missiles
 d - 25 bolts (quivered)
Armour
 k - a cursed +1 ring mail (worn)
 l - a +0 leather armour
Wands
 e - a wand of iceblast (7)
Scrolls
 f - 2 scrolls of random uselessness {unknown}
 g - 2 scrolls of remove curse
 n - a scroll of enchant armour
Potions
 m - a potion of might
 q - 2 potions of flight
Comestibles
 c - 9 rations
 i - 7 chunks of flesh


   Skills:
 - Level 4.0 Fighting
 - Level 6.0 Crossbows
 - Level 2.4 Dodging
 - Level 1.1 Spellcasting
 - Level 3.0 Hexes
 + Level 2.5 Evocations


You had 6 spell levels left.
You knew the following spells:

 Your Spells              Type           Power        Failure   Level  Hunger
a - Corona                Hex            #......      21%         1    ##.....

Your spell library contained the following spells:

 Spells                   Type           Power        Failure   Level  Hunger
 Slow                     Hex            #.......     30%         2    ###....
 Inner Flame              Hex/Fire       #.......     73%         3    ####...
 Portal Projectile        Hex/Tloc       #.....       73%         3    ####...
 Cause Fear               Hex            #.........   89%         4    #####..
 Leda's Liquefaction      Hex/Erth       #.........   98%         4    #####..


Dungeon Overview and Level Annotations

Branches:
Dungeon (3/15)

Altars:

Annotations:
D:3 1 runed translucent door, Crazy Yiuf


Innate Abilities, Weirdness & Mutations

You are small and have problems with some larger weapons.
You are carnivorous and can eat meat at any time.


Message History

The wyvern zombie bites you!
* * * LOW HITPOINT WARNING * * *
The scorpion stings you but does no damage.
The wyvern zombie closely misses you.
Firing (i - inventory)
d - 27 bolts (quivered)
Press: ? - help, Shift-Dir - straight line, f/p - scorpion
Aim: a scorpion (heavily wounded)
You shoot a bolt. The bolt hits the scorpion.
The scorpion is heavily wounded.
The wyvern zombie misses you.
The scorpion stings you but does no damage.
The scorpion stings you!
* * * LOW HITPOINT WARNING * * *
The wyvern zombie barely misses you.
Firing (i - inventory)
d - 26 bolts (quivered)
Press: ? - help, Shift-Dir - straight line, f/p - scorpion
Aim: a scorpion (heavily wounded)
You shoot a bolt. The bolt closely misses the scorpion.
The wyvern zombie bites you!
You die...

.####.
.....
####.#..
......
#....#
#.?..#
#....#
#..@.#
#.Zs.#
#.(..#
#....#
#....#
#..(.#
######


You could see a scorpion and a wyvern zombie.

Vanquished Creatures
  Sigmund (D:2)
  3 gnolls (D:3)
  5 adders
  An ooze (D:2)
  A worm (D:3)
  2 dart slugs (D:1)
  A leopard gecko (D:3)
  3 orcs (D:3)
  9 bats
  2 giant cockroaches (D:2)
  6 goblins
  6 hobgoblins
  11 jackals
  A quokka (D:2)
  2 frilled lizards (D:1)
  3 kobolds
  6 rats
63 creatures vanquished.

Notes
Turn   | Place    | Note
-------+----------+-------------------------------------------
     0 | D:1      | tilp the Kobold Arcane Marksman began the quest for the
                  | Orb.
     0 | D:1      | Reached XP level 1. HP: 12/12 MP: 2/2
   363 | D:1      | Reached XP level 2. HP: 17/17 MP: 1/3
   583 | D:1      | Reached XP level 3. HP: 23/23 MP: 2/4
  1592 | D:2      | Reached XP level 4. HP: 26/29 MP: 3/5
  1957 | D:2      | Reached skill level 3 in Crossbows
  2094 | D:2      | Noticed Sigmund
  2191 | D:2      | Killed Sigmund
  2191 | D:2      | Reached skill level 5 in Crossbows
  2191 | D:2      | Reached XP level 5. HP: 8/33 MP: 6/6
  2191 | D:2      | Reached XP level 6. HP: 9/38 MP: 7/7
  2582 | D:2      | Reached skill level 6 in Crossbows
  2983 | D:3      | Reached skill level 1 in Evocations
  3177 | D:3      | Found a runed translucent door.
  3178 | D:3      | Noticed Crazy Yiuf
  3640 | D:3      | You fall into a shaft and drop 3 floors!
  3641 | D:6      | Upgraded the game from 0.25-a0-1130-g3926558f3a to
                  | 0.25-a0-1133-g93ebf739aa
  3649 | D:6      | Slain by a wyvern zombie

Illustrated notes

Levels and vault maps discovered:
D:1:      dpeg_arrival_orchard, layout_basic
D:2:      layout_basic, chequers_mini_garden, chequers_serial_rivers_micro_c,
          uniq_sigmund
D:3:      layout_rooms, grunt_qazlal_sundering, first_ration,
          uniq_crazy_yiuf_cottage
D:6:      layout_basic, old_standard_altar, minmay_temple_entry_ruins,
          nicolae_ossuary_entry_monument

Skill      XL: |  1  2  3  4  5  6 |
---------------+-------------------+-----
Fighting       | 2 3 4 |  4.0
Crossbows      | 5 6 |  6.0
Evocations     | 2 |  2.5
Dodging        | |  2.4
Spellcasting   | |  1.1
Hexes          | |  3.0

Action                   |  1- 3 |  4- 6 || total
-------------------------+-------+-------++-------
Melee: Dagger            |    39 |    45 ||    84
       Hand crossbow     |       |     1 ||     1
       Flail             |       |    80 ||    80
 Fire: Hand crossbow     |    49 |    55 ||   104
 Cast: Corona            |    21 |     1 ||    22
Evoke: Wand              |       |     3 ||     3
  Use: Scroll            |     2 |     9 ||    11
       Potion            |       |     2 ||     2
  Eat: Chunk             |    10 |     8 ||    18
Armor: Robe              |     2 |       ||     2
       Leather armour    |    10 |    21 ||    31
       Ring mail         |       |    49 ||    49
Dodge: Dodged            |    56 |   188 ||   244

Table legend:
 A = Non-vault XP
 B = Vault XP
 C = Vault XP percentage of total XP
 D = Non-vault monster count
 E = Vault monster count
 F = Vault count percentage of total count
                 A         B        C        D         E       F
            +---------+---------+-------+---------+---------+-------
      Total |     220 |     223 |  50.3 |      62 |       1 |   1.6
            +---------+---------+-------+---------+---------+-------
        D:1 |      47 |       0 |   0.0 |      25 |       0 |   0.0
        D:2 |      82 |     223 |  73.1 |      17 |       1 |   5.6
        D:3 |      91 |       0 |   0.0 |      20 |       0 |   0.0
            +---------+---------+-------+---------+---------+-------
